[Event "Team 45 45 League T51"]
[Site "Internet Chess Club"]
[Date "2011.12.05"]
[Round "4"]
[White "vigneshv"]
[Black "Berke"]
[Result "1-0"]
[WhiteElo "1572"]
[BlackElo "1514"]
[Opening "Dutch"]
[ECO "A80"]
[Time "18:00:26"]
[TimeControl "2700+45"]

1. d4 f5 2. Nc3 d5 3. Bg5 c6 4. e3 Qb6 5. Rb1 g6 6. Bd3 e6 7. Nf3 Nd7 8. O-O Be7
9. Bxe7 Nxe7 10. Ng5 Nf6 11. Na4 Qc7 12. h3 O-O 13. Nc5 Qd6 14. c4 b6 15. Nb3
Ne4 16. Nxe4 fxe4 17. Be2 e5 18. dxe5 Qxe5 19. Qd4 Qg5 20. g4 Be6 21. Rbc1 c5
22. Qc3 h5 23. cxd5 Nxd5 24. Qc2 hxg4 25. Qxe4 gxh3+ 26. Kh2 Rae8 27. Bd3 Ne7
28. Qxe6+ Kh7 29. Qxh3+ Qh5 30. Qxh5+ Kg7 31. Qe5+ {Black resigns} 1-0

[Event "Team 45 45 League T51"]
[Site "Internet Chess Club"]
[Date "2011.12.04"]
[Round "4"]
[White "milesotoole"]
[Black "realchess"]
[Result "0-1"]
[WhiteElo "1548"]
[BlackElo "1820"]
[Opening "Sicilian: closed, 2...Nc6"]
[ECO "B23"]
[Time "22:07:49"]
[TimeControl "2700+45"]

1. e4 c5 2. Nc3 Nc6 3. Bb5 Nd4 4. Bc4 a6 5. a4 e6 6. Nge2 g6 7. d3 Bg7 8. O-O
Ne7 9. f4 Nxe2+ 10. Qxe2 O-O 11. Qf2 d6 12. Qh4 Bd7 13. Rf3 Nc6 14. Qxd8 Raxd8
15. Rb1 Nd4 16. Rf2 b5 17. Ba2 b4 18. Nd1 Bxa4 {White resigns} 0-1

[Event "Team 45 45 League T51"]
[Site "Internet Chess Club"]
[Date "2011.12.04"]
[Round "4"]
[White "pauliewoll"]
[Black "room-matt"]
[Result "1-0"]
[WhiteElo "1648"]
[BlackElo "1704"]
[Opening "Four knights: Rubinstein counter-gambit"]
[ECO "C48"]
[Time "11:10:27"]
[TimeControl "2700+45"]

1. e4 e5 2. Nf3 Nc6 3. Nc3 Nf6 4. Bb5 Nd4 5. Nxe5 Qe7 6. Nf3 Nxb5 7. Nxb5 Qxe4+
8. Qe2 Qxe2+ 9. Kxe2 Nd5 10. Re1 a6 11. Kf1+ Be7 12. Nbd4 O-O 13. c4 Bf6 14.
cxd5 d6 15. d3 Bg4 16. h3 Bh5 17. Bg5 Bxg5 18. Nxg5 Rfe8 19. Rac1 Rxe1+ 20. Rxe1
Bg6 21. Re3 Kf8 22. f4 h6 23. Ngf3 Bh7 24. Ke2 Rc8 25. g4 c6 26. dxc6 bxc6 27.
Nf5 Bxf5 28. gxf5 c5 29. b3 Rb8 30. Nd2 d5 31. Re5 Re8 32. Rxe8+ Kxe8 33. d4
cxd4 34. b4 Ke7 35. Kd3 Kf6 36. a4 Kxf5 37. b5 axb5 38. axb5 Ke6 39. Kxd4 Kd6
40. Nf3 f6 41. f5 h5 42. Nh4 {Black resigns} 1-0

[Event "Team 45 45 League T51"]
[Site "Internet Chess Club"]
[Date "2011.12.03"]
[Round "4"]
[White "gandre"]
[Black "Buford-Julep"]
[Result "0-1"]
[WhiteElo "1691"]
[BlackElo "1698"]
[Opening "Queen's bishop game"]
[ECO "D00"]
[Time "09:00:50"]
[TimeControl "2700+45"]

1. d4 d5 2. Bf4 Nf6 3. Nf3 e6 4. e3 c5 5. c3 Nc6 6. Bd3 Bd6 7. Bg3 Qe7 8. Nbd2
O-O 9. Ne5 Nd7 10. Ndf3 f6 11. Nxd7 Bxd7 12. Qc2 g6 13. Bxd6 Qxd6 14. O-O-O Kg7
15. h4 e5 16. dxe5 fxe5 17. Bc4 d4 18. h5 Bg4 19. hxg6 Qxg6 20. Bd5 Qxc2+ 21.
Kxc2 Rac8 22. Rde1 b5 23. Bxc6 Rxc6 24. Nxe5 Rxf2+ 25. Kc1 dxc3 26. Nxc6 Rxb2
27. Ne5 Be6 28. Nd3 Rxa2 29. Nxc5 Bc4 30. Rd1 b4 31. Rd7+ Kg6 32. Rhxh7 b3 33.
Rdg7+ Kf5 34. Rxa7 Rc2+ 35. Kb1 Re2 36. Rh3 Re1# {White checkmated} 0-1

[Event "Team 45 45 League T51"]
[Site "Internet Chess Club"]
[Date "2011.12.04"]
[Round "4"]
[White "SirIvanhoe"]
[Black "beitmery"]
[Result "0-1"]
[WhiteElo "1490"]
[BlackElo "1628"]
[Opening "Scandinavian: Pytel-Wade variation"]
[ECO "B01"]
[Time "16:00:37"]
[TimeControl "2700+45"]

1. e4 d5 2. exd5 Qxd5 3. Nc3 Qd6 4. d4 Nf6 5. Nf3 a6 6. g3 Bg4 7. Bg2 Nc6 8. Bf4
Qd8 9. Be3 e6 10. O-O Bb4 11. Ne2 Nd5 12. Bd2 O-O 13. c3 Be7 14. Nf4 Nb6 15. b3
Na5 16. Be3 Rc8 17. Qd2 c5 18. c4 cxd4 19. Bxd4 Nc6 20. Be3 Qc7 21. h3 Rfd8 22.
Qe2 Bf5 23. g4 Be4 24. Bxb6 Bxf3 25. Bxc7 Bxe2 26. Nxe2 Rxc7 27. Rad1 Rcd7 28.
Rxd7 Rxd7 29. Nc3 Kf8 30. Bxc6 bxc6 31. Rd1 Ke8 32. Kf1 Bb4 33. Rxd7 Kxd7 34.
Ne4 Be7 35. f3 Kc7 36. Ke2 Kb6 37. Kd3 Ka5 38. Kc2 f5 39. Ng3 fxg4 40. fxg4 Kb4
41. Ne4 a5 42. Nf2 Ka3 43. Kb1 a4 44. Kc2 axb3+ 45. axb3 Kb4 46. Ne4 Ka5 47. Kd3
Kb6 48. Kc2 Kc7 49. Kd3 Kd7 50. Ke2 e5 51. Kd3 Ke6 52. Ke2 g6 53. Kd3 h5 54. Ke2
hxg4 55. hxg4 Kd7 56. Kd3 Kc7 57. Kc2 Kb6 58. Kd3 Ka5 59. Kc2 Kb4 60. Kb2 Bc5
61. Kc2 Bd4 62. Ng5 Be3 63. Ne4 g5 64. Nf6 Kc5 65. Ne4+ Kd4 66. Nc3 Bf4 67. Ne2+
Ke3 68. Nc3 Kf3 69. Kd3 c5 70. Ne4 Be3 71. Nf6 Bd4 72. Nd5 Kxg4 73. b4 cxb4 74.
Nxb4 Kf3 75. Na2 g4 76. Nc1 g3 77. Ne2 g2 78. Kd2 g1=Q 79. Nxg1+ Bxg1 80. Kc3
Bc5 {White resigns} 0-1

[Event "Team 45 45 League T51"]
[Site "Internet Chess Club"]
[Date "2011.12.01"]
[Round "4"]
[White "bookseller"]
[Black "CKNIGHT3"]
[Result "0-1"]
[WhiteElo "1512"]
[BlackElo "1536"]
[Opening "Sicilian: Alapin's variation (2.c3)"]
[ECO "B22"]
[Time "19:26:11"]
[TimeControl "2700+45"]

1. e4 c5 2. c3 d5 3. exd5 Qxd5 4. d4 Nc6 5. dxc5 Qxc5 6. Be3 Qd6 7. Qxd6 exd6 8.
Nd2 a6 9. Bd3 Nge7 10. O-O-O b5 11. Ngf3 Bb7 12. Ne4 O-O-O 13. Nfg5 Ne5 14. Bc2
h6 15. f4 hxg5 16. fxe5 dxe5 17. Nd6+ Kc7 18. Nxb7 Rxd1+ 19. Rxd1 Kxb7 20. Bxg5
f6 21. Be3 Rxh2 22. Rd8 Rh8 23. Bc5 Kc7 24. Rxf8 Rxf8 25. Bxe7 Rf7 26. Bc5 f5
27. Bb3 Rf6 28. Bf2 Kd6 29. g3 Rh6 30. Kd2 g5 31. a4 Rh2 32. Ke3 f4+ 33. gxf4
gxf4+ 34. Kf3 e4+ 35. Kxf4 Rxf2+ 36. Kxe4 Rxb2 37. Bd1 Kc5 38. Kd3 Rg2 39. Bb3
Rg4 40. axb5 Kxb5 41. c4+ Kb4 42. Ba2 a5 43. Bb3 Kxb3 44. c5 a4 45. c6 Rc4
{White resigns} 0-1

[Event "Team 45 45 League T51"]
[Site "Internet Chess Club"]
[Date "2011.12.05"]
[Round "4"]
[White "medsurg"]
[Black "Cicero"]
[Result "1/2-1/2"]
[WhiteElo "1393"]
[BlackElo "1327"]
[Opening "Budapest: Adler variation"]
[ECO "A52"]
[Time "20:00:12"]
[TimeControl "2700+45"]

1. d4 Nf6 2. c4 e5 3. dxe5 Ng4 4. Nf3 Bc5 5. e3 Nc6 6. h3 Ngxe5 7. Nc3 a6 8. Be2
O-O 9. O-O Nxf3+ 10. Bxf3 Ne5 11. b3 c6 12. Ne4 Nxf3+ 13. Qxf3 Be7 14. Bb2 d5
15. Rfd1 f5 16. Nc3 Bf6 17. cxd5 Qc7 18. d6 Qf7 19. Rac1 Bd7 20. Ba3 b5 21. Bc5
a5 22. a3 Qxb3 23. Ne2 b4 24. axb4 axb4 25. Rb1 Qc4 26. Rdc1 Qb5 27. Rxb4 Qa5
28. Nd4 Bxd4 29. Rxd4 Qa2 30. Rb4 Rab8 31. Rxb8 Rxb8 32. Bd4 Rb1 33. Rxb1 Qxb1+
34. Kh2 Qe4 35. Qg3 g6 36. Qg5 Qe8 37. Qf6 Qf8 38. Qh8+ Kf7 39. Qxh7+ Ke6 40.
Qxg6+ Kd5 41. Qg7 Qc8 42. Qe5+ Kc4 43. Qc5+ Kd3 44. Qc3+ Ke4 45. f3+ Kd5 46.
Qb3+ Kxd6 47. h4 Qc7 48. Qd3 Ke6+ 49. Kg1 Qg3 50. Qc4+ Kd6 51. Bc5+ Kc7 52. Qf4+
Qxf4 53. exf4 Be8 54. g4 Bg6 55. Kh2 Kd7 56. Kg3 Ke6 57. h5 Bf7 58. h6 Bg6 59.
g5 Kd5 60. Ba3 c5 61. Kf2 Kd4 62. Ke2 c4 63. Bc1 c3 64. Be3+ Kc4 65. Kd1 Kd3 66.
Bc1 c2+ 67. Ke1 Bh7 68. Bd2 Bg6 69. Bc1 Bh7 {Game drawn by mutual agreement}
1/2-1/2

[Event "Team 45 45 League T51"]
[Site "Internet Chess Club"]
[Date "2011.12.03"]
[Round "4"]
[White "IanT"]
[Black "tamky70"]
[Result "1/2-1/2"]
[WhiteElo "1406"]
[BlackElo "1350"]
[Opening "Alekhine's defense: modern, Larsen variation"]
[ECO "B04"]
[Time "21:00:40"]
[TimeControl "2700+45"]

1. e4 Nf6 2. e5 Nd5 3. d4 d6 4. Nf3 dxe5 5. Nxe5 c6 6. Bc4 Nd7 7. Bxd5 Nxe5 8.
dxe5 Qxd5 9. Qxd5 cxd5 10. Be3 Bf5 11. c3 e6 12. Nd2 Be7 13. Nf3 O-O 14. Nd4 Bg6
15. O-O Bc5 16. Rac1 Bxd4 17. cxd4 Rac8 18. a3 Bd3 19. Rfe1 Rc6 20. Red1 Bc4 21.
h3 Rfc8 22. Re1 Bb3 23. Kh2 Rc2 24. Kg3 R8c4 25. Rxc2 Rxc2 26. Bc1 a5 27. Re3 a4
28. Rc3 Rxc3+ 29. bxc3 Bc4 30. Kf3 b5 31. Ke3 Bf1 32. Kf3 Bd3 33. Bb2 Be4+ 34.
Kg3 Bc2 35. Kf3 Bd1+ 36. Ke3 Bb3 37. Kf3 h6 38. Kg3 Kh7 39. f3 Kg6 40. Bc1 Bc2
41. Kf4 Bd3 42. Kg3 h5 43. h4 Kf5 44. Bg5 f6 45. exf6 gxf6 46. Bh6 Kg6 47. Be3
{Game drawn by mutual agreement} 1/2-1/2

[Event "Team 45 45 League T51"]
[Site "Internet Chess Club"]
[Date "2011.12.05"]
[Round "4"]
[White "theartist"]
[Black "lawth3"]
[Result "0-1"]
[WhiteElo "1214"]
[BlackElo "1190"]
[Opening "Bogo-Indian defense, Nimzovich variation"]
[ECO "E11"]
[Time "10:32:01"]
[TimeControl "2700+45"]

1. d4 Nf6 2. c4 e6 3. Nf3 Bb4+ 4. Bd2 Qe7 5. g3 O-O 6. Bg2 c6 7. O-O d5 8. c5
Bxd2 9. Nbxd2 Nbd7 10. Qc2 e5 11. e3 e4 12. Nh4 Ng4 13. Bh3 Ndf6 14. Ng2 Nh5 15.
f3 Nxe3 16. Bxc8 Nxc2 17. Rac1 Raxc8 18. Rxc2 exf3 19. Nxf3 h6 20. Re1 Qc7 21.
Re5 Nf6 22. Rce2 Rfe8 23. Nf4 Rxe5 24. Nxe5 Ne4 25. Nfd3 Kh7 26. b4 a6 27. Rc2
f6 28. Nf3 g5 29. Kg2 Rg8 30. Nf2 g4 31. Nh4 Nxf2 32. Rxf2 Qf7 33. Nf5 Qe6 34.
Nd6 b6 35. Kf1 b5 36. Re2 Qd7 37. Rf2 Kg6 38. Ke2 Rf8 39. Kd3 f5 40. Ke3 Kg5 41.
Rf4 Rf6 42. Kf2 h5 43. h4+ Kg6 44. Ke2 Qd8 45. Kd3 Qa8 46. Kc3 a5 47. Rf2 axb4+
48. Kb2 Qa3+ 49. Kb1 Qxg3 50. Rc2 f4 51. Ne8 Qe1+ 52. Kb2 Qxe8 {White resigns}
0-1

[Event "Team 45 45 League T51"]
[Site "Internet Chess Club"]
[Date "2011.12.04"]
[Round "4"]
[White "Macovitski"]
[Black "wildangels"]
[Result "1-0"]
[WhiteElo "1087"]
[BlackElo "922"]
[Opening "Queen's pawn game"]
[ECO "D02"]
[Time "10:02:00"]
[TimeControl "2700+45"]

1. d4 d5 2. Nf3 Bf5 3. e3 Nf6 4. Nbd2 e6 5. Nh4 Bd6 6. Nxf5 exf5 7. Bd3 f4 8. e4
dxe4 9. Nxe4 Nxe4 10. Bxe4 Qe7 11. Qf3 O-O 12. O-O Nd7 13. Re1 f5 14. Bd5+ Kh8
15. Rxe7 Bxe7 16. Bxf4 Rae8 17. Bxb7 Nf6 18. c3 Bd6 19. Bxd6 cxd6 20. c4 Re7 21.
b4 Rfe8 22. Kf1 Ne4 23. Bxe4 fxe4 24. Qc3 Rf8 25. Re1 Rf4 26. c5 d5 27. c6 e3
28. Rxe3 Ref7 29. Re8+ Rf8 30. Rxf8+ Rxf8 31. c7 Rc8 32. Qc6 h6 33. Qb7 Rxc7 34.
Qxc7 Kh7 {Black resigns} 1-0

[Event "Team 45 45 League T51"]
[Site "Internet Chess Club"]
[Date "2011.12.03"]
[Round "4"]
[White "MateIn42"]
[Black "bishop10186"]
[Result "1-0"]
[WhiteElo "1357"]
[BlackElo "1251"]
[Opening "QGD: Been-Koomen variation"]
[ECO "D50"]
[Time "14:04:56"]
[TimeControl "2700+45"]

1. d4 e6 2. c4 d5 3. Nc3 Nf6 4. Bg5 c5 5. e3 Nc6 6. cxd5 exd5 7. Bxf6 Qxf6 8.
Nxd5 Qd6 9. dxc5 Qd7 10. Rc1 g6 11. Nf6+ {Black resigns} 1-0

[Event "Team 45 45 League T51"]
[Site "Internet Chess Club"]
[Date "2011.12.02"]
[Round "4"]
[White "Iowa-Archer"]
[Black "houseofcook"]
[Result "0-1"]
[WhiteElo "1197"]
[BlackElo "1464"]
[Opening "QGD: classical variation (5.Bf4)"]
[ECO "D35"]
[Time "13:00:47"]
[TimeControl "2700+45"]

1. d4 Nf6 2. c4 e6 3. Nc3 d5 4. Bf4 Be7 5. Nf3 O-O 6. e3 c5 7. Be2 Nc6 8. O-O a6
9. Qc2 dxc4 10. Ne5 Nb4 11. Qd2 Nd3 12. Nxd3 cxd3 13. Qxd3 cxd4 14. Qxd4 Qxd4
15. exd4 Rd8 16. Rad1 Nd5 17. Be5 Bd7 18. Bf3 Bc6 19. Nxd5 Bxd5 20. Bxd5 Rxd5
21. Rc1 b5 22. Rc7 Bd6 23. Bxd6 Rxd6 24. Rfc1 g6 25. Rb7 Rxd4 26. h3 Rd6 27.
Rcc7 Rf8 28. Kf1 Kg7 29. Ke2 Kf6 30. Rd7 Rxd7 31. Rxd7 Rc8 32. f3 Rc2+ 33. Rd2
Rxd2+ 34. Kxd2 Ke5 35. Kc3 a5 36. b4 a4 37. a3 h5 38. Kd3 f5 39. Ke3 g5 40. g3
f4+ 41. gxf4+ gxf4+ 42. Kf2 h4 43. Ke2 Kd4 44. Kd2 e5 45. Ke2 Kc3 46. Kd1 Kd3
47. Ke1 Ke3 48. Kf1 Kxf3 49. Kg1 e4 50. Kf1 e3 51. Ke1 Kg2 52. Ke2 f3+ 53. Kxe3
f2 {White resigns} 0-1

[Event "Team 45 45 League T51"]
[Site "Internet Chess Club"]
[Date "2011.12.04"]
[Round "4"]
[White "dabodhi"]
[Black "sockmonkey"]
[Result "1/2-1/2"]
[WhiteElo "1212"]
[BlackElo "1322"]
[Opening "Caro-Kann: two knights variation"]
[ECO "B10"]
[Time "11:00:24"]
[TimeControl "2700+45"]

1. e4 c6 2. Nf3 d5 3. Nc3 dxe4 4. Nxe4 Bf5 5. Ng3 Bg6 6. h4 h6 7. Ne5 Nd7 8.
Nxg6 fxg6 9. Bc4 Ne5 10. Bb3 Nf6 11. Be6 Qd6 12. Bh3 h5 13. f3 Nd3+ 14. cxd3
Qxg3+ 15. Kf1 Rd8 16. Qe2 Qd6 17. Ke1 Qxd3 18. Qe6 Qd6 19. Qe3 Nd5 20. Qxa7 Qe5+
21. Kf2 Nf4 22. Qe3 Qxe3+ 23. dxe3 Nd3+ 24. Ke2 e5 25. Rd1 Nxc1+ 26. Raxc1 Rxd1
27. Rxd1 Bb4 28. Rd7 Be7 29. Rxb7 Bxh4 30. Rb8+ Bd8 31. Rb7 Be7 32. Bd7+ Kf7
{Game drawn by mutual agreement} 1/2-1/2

[Event "Team 45 45 League T51"]
[Site "Internet Chess Club"]
[Date "2011.12.04"]
[Round "4"]
[White "artspir"]
[Black "bhandelman"]
[Result "0-1"]
[WhiteElo "1082"]
[BlackElo "1185"]
[Opening "Torre attack (Tartakower variation)"]
[ECO "D03"]
[Time "13:00:14"]
[TimeControl "2700+45"]

1. d4 d5 2. Nf3 Nf6 3. Bg5 e6 4. e3 Be7 5. Bd3 O-O 6. h3 b6 7. c3 c5 8. b3 Ba6
9. Qe2 Qc8 10. O-O c4 11. bxc4 Bxc4 12. Nbd2 b5 13. a4 Bxd3 14. Qxd3 bxa4 15.
Rxa4 Qc6 16. Rfa1 a6 17. Ne5 Qb6 18. Rb1 Qd6 19. Rab4 a5 20. Rb7 a4 21. R1b6 Qa3
22. Rxe7 Qxe7 23. Nc6 Nxc6 24. Rxc6 Rfb8 25. Bf4 Rb7 26. Nb1 a3 27. Bd6 Qd7 28.
Nxa3 Qxc6 29. Bc5 Ne4 30. c4 Nxc5 31. dxc5 Qxc5 32. Nc2 Rb1+ 33. Kh2 Qd6+ 34. g3
Rab8 35. Nd4 Qb4 36. Nc6 Qe1 37. Ne7+ Kf8 38. Kg2 Qh1# {White checkmated} 0-1

[Event "Team 45 45 League T51"]
[Site "Internet Chess Club"]
[Date "2011.12.03"]
[Round "4"]
[White "zap2"]
[Black "IceBox"]
[Result "1/2-1/2"]
[WhiteElo "1825"]
[BlackElo "1796"]
[Opening "Réti: King's Indian attack (Barcza system)"]
[ECO "A07"]
[Time "09:38:04"]
[TimeControl "2700+45"]

1. Nf3 d5 2. g3 c6 3. Bg2 Bf5 4. d3 h6 5. Nbd2 Nf6 6. O-O e6 7. Re1 Be7 8. b3
O-O 9. Bb2 Nbd7 10. e4 Bh7 11. Qe2 b5 12. Nd4 Qb6 13. exd5 cxd5 14. c4 bxc4 15.
dxc4 Bc5 {Game drawn by mutual agreement} 1/2-1/2

[Event "Team 45 45 League T51"]
[Site "Internet Chess Club"]
[Date "2011.12.04"]
[Round "4"]
[White "calily"]
[Black "Kheeljoi"]
[Result "1-0"]
[WhiteElo "1721"]
[BlackElo "1791"]
[Opening "Réti opening"]
[ECO "A04"]
[Time "01:40:30"]
[TimeControl "2700+45"]

1. Nf3 d6 2. d4 Nf6 3. g3 g6 4. Bg2 Bg7 5. O-O O-O 6. c4 c5 7. d5 Bd7 8. Nbd2
Na6 9. a3 Nc7 10. Qc2 b5 11. e4 Rb8 12. cxb5 Nxb5 13. Rb1 Ng4 14. h3 Ne5 15.
Nxe5 Bxe5 16. Nf3 Bg7 17. b4 Nc3 18. Bb2 Nxb1 19. Rxb1 Bxb2 20. Rxb2 cxb4 21.
axb4 Qb6 22. Qd2 Rfc8 23. Qh6 f6 24. g4 Rc4 25. g5 Rxe4 26. gxf6 exf6 27. Nh4
Re1+ 28. Kh2 Qd4 29. Rd2 Qe5+ 30. f4 Qe3 31. Nxg6 Qxd2 32. Nh8 Qf2 33. Qxf6 Qg1+
34. Kg3 Re3+ 35. Kh4 Qf2+ 36. Kh5 Be8+ 37. Kh6 Qxg2 38. h4 Qxd5 39. Qg7# {Black
checkmated} 1-0

[Event "Team 45 45 League T51"]
[Site "Internet Chess Club"]
[Date "2011.12.02"]
[Round "4"]
[White "mongmong"]
[Black "Juan73"]
[Result "1-0"]
[WhiteElo "1616"]
[BlackElo "1750"]
[Opening "Queen's pawn game, Chigorin variation"]
[ECO "D02"]
[Time "20:01:19"]
[TimeControl "2700+45"]

1. d4 d5 2. Nf3 Nc6 3. e3 Bg4 4. h3 Bh5 5. c4 e5 6. dxe5 Bxf3 7. Qxf3 Nxe5 8.
Qxd5 Qxd5 9. cxd5 Nf6 10. f4 Ng6 11. Bc4 Bb4+ 12. Bd2 Bxd2+ 13. Nxd2 O-O 14.
O-O-O Rfe8 15. Rhe1 a6 16. g3 b5 17. Bb3 Ne7 18. e4 Ng6 19. e5 Nd7 20. Ne4 h5
21. h4 Rad8 22. Ng5 Nc5 23. Bc2 Ne7 24. b4 Nb7 25. Bb3 c5 26. dxc6 Rxd1+ 27.
Rxd1 Rc8 28. Bxf7+ Kf8 29. Bxh5 Nxc6 30. Bg4 Rb8 31. a3 a5 32. Bf3 Ne7 33. Bxb7
Nf5 34. Bd5 axb4 35. axb4 Nxg3 36. Kb2 Nf5 37. Ne6+ Ke7 38. Bb3 Nxh4 39. Nxg7
Ng2 40. Nf5+ Kf8 41. Rf1 Ke8 42. Nd6+ Kd7 43. f5 Rh8 44. Rf2 Ne1 45. Be6+ Ke7
46. Rd2 Nf3 47. Rc2 Nxe5 48. Nxb5 Rh4 49. Ka3 Nd3 50. Rc4 Rh2 51. Rc3 Ne1 52.
Kb3 Rh4 53. Nc7 Ng2 54. Nd5+ Kf8 55. b5 Rh7 56. b6 Rb7 57. Rc8+ Kg7 58. Rc7+
{Black resigns} 1-0

[Event "Team 45 45 League T51"]
[Site "Internet Chess Club"]
[Date "2011.12.03"]
[Round "4"]
[White "PANAMA-REY"]
[Black "seattleblues"]
[Result "0-1"]
[WhiteElo "1382"]
[BlackElo "1485"]
[Opening "Caro-Kann: Hillbilly attack"]
[ECO "B10"]
[Time "19:00:25"]
[TimeControl "2700+45"]

1. e4 c6 2. Bc4 d5 3. exd5 cxd5 4. Bb5+ Nc6 5. d4 Nf6 6. h3 Bf5 7. Nc3 e6 8. Nf3
Bb4 9. O-O Bxc3 10. bxc3 Qa5 11. Bxc6+ bxc6 12. Bd2 O-O 13. c4 Qc7 14. cxd5 cxd5
15. c3 Rfc8 16. Rc1 Qd7 17. Bg5 Ne4 18. Ne5 Qe8 19. Bf4 Nxc3 20. Qd2 Ne4 21. Qe3
Rxc1 22. Rxc1 Rc8 23. f3 Rxc1+ 24. Qxc1 Nf6 25. Qc7 a6 26. Bg5 Bb1 27. Bxf6 gxf6
28. Ng4 Kg7 29. Qc1 Bg6 30. Qh6+ Kh8 31. Nxf6 Qb8 32. h4 Qb1+ 33. Kh2 Qb8+ 34.
f4 Be4 35. Nd7 Qg8 36. Qf6+ Qg7 37. Qxg7+ Kxg7 38. Nc5 Kf6 39. Nxe4+ dxe4 40. g3
e3 41. Kg2 Kf5 42. Kf3 e2 43. Kxe2 Ke4 44. h5 Kxd4 45. Kf3 f6 46. Kg4 a5 47. Kf3
e5 48. fxe5 fxe5 49. g4 e4+ 50. Ke2 Ke5 51. Ke3 a4 52. a3 Kf6 53. Kxe4 Kg5 54.
Ke5 Kxg4 55. h6 Kg5 56. Kd4 Kxh6 57. Kc4 Kg6 58. Kb4 h5 59. Kxa4 h4 60. Kb4 h3
61. a4 h2 62. a5 h1=Q 63. a6 Qa8 64. Kb5 Kf6 65. Kb6 Ke7 66. a7 Kd7 67. Ka6 Kc8
68. Kb6 Qb7+ 69. Kc5 Qxa7+ {White resigns} 0-1

[Event "Team 45 45 League T51"]
[Site "Internet Chess Club"]
[Date "2011.12.02"]
[Round "4"]
[White "badmove"]
[Black "jotap"]
[Result "0-1"]
[WhiteElo "1704"]
[BlackElo "1645"]
[Opening "QGD Slav/Grünfeld: Schlechter variation"]
[ECO "D90"]
[Time "05:18:36"]
[TimeControl "2700+45"]

1. d4 d5 2. c4 Nf6 3. Nc3 g6 4. Nf3 c6 5. e3 Bg7 6. Be2 O-O 7. O-O Nbd7 8. h3
Re8 9. cxd5 cxd5 10. Bb5 a6 11. Ba4 b5 12. Bc2 Qc7 13. b3 Qxc3 14. Bd2 Qc7 15.
Rc1 Qd6 16. Bd3 e5 17. dxe5 Nxe5 18. Nxe5 Qxe5 19. a4 Bd7 20. Bc3 Qe6 21. Qe2
bxa4 22. bxa4 Bxa4 23. Bxa6 {White resigns} 0-1

[Event "Team 45 45 League T51"]
[Site "Internet Chess Club"]
[Date "2011.12.05"]
[Round "4"]
[White "celebrat"]
[Black "GrandUnified"]
[Result "0-1"]
[WhiteElo "1517"]
[BlackElo "1665"]
[Opening "Dutch defense"]
[ECO "A90"]
[Time "20:00:17"]
[TimeControl "2700+45"]

1. d4 f5 2. g3 Nf6 3. Bg2 e6 4. c4 c6 5. Nc3 Na6 6. Nh3 Nc7 7. O-O Be7 8. Rb1 a5
9. a4 O-O 10. Qc2 d5 11. c5 Na6 12. Na2 Nh5 13. f4 Qe8 14. Bd2 h6 15. Bxa5 Nxc5
16. dxc5 Rxa5 17. b4 Ra7 18. a5 Bd8 19. Nc1 Bc7 20. Nd3 Nf6 21. Nhf2 Ne4 22. e3
Bd7 23. Nc1 Qg6 24. Ne2 e5 25. Rbd1 Nxf2 26. Rxf2 e4 27. Nd4 Bd8 28. Bf1 Bf6 29.
Rg2 h5 30. h3 Qh6 31. Be2 g5 32. Rd2 Kf7 33. Qd1 Rh8 34. Kf2 Raa8 35. Qg1 Rag8
36. Rd1 Rg6 37. Rd2 Rhg8 38. Qd1 Rh8 39. Qg1 gxf4 40. exf4 Rhg8 41. Ke3 Be5 42.
Bd1 Rxg3+ 43. Rxg3 Bxf4+ {White resigns} 0-1

[Event "Team 45 45 League T51"]
[Site "Internet Chess Club"]
[Date "2011.12.03"]
[Round "4"]
[White "drsigmund1"]
[Black "Timotheous"]
[Result "0-1"]
[WhiteElo "1396"]
[BlackElo "1626"]
[Opening "Sicilian: Grand Prix attack"]
[ECO "B23"]
[Time "14:30:12"]
[TimeControl "2700+45"]

1. e4 c5 2. Nc3 Nc6 3. f4 g6 4. Nf3 Bg7 5. Bb5 Nd4 6. O-O a6 7. Bd3 d6 8. Qe1 c4
9. Nxd4 Bxd4+ 10. Kh1 cxd3 11. cxd3 Bg7 12. f5 Nf6 13. Nd5 Nxd5 14. exd5 Bxf5
15. Qg3 Qd7 16. a4 O-O 17. h4 h5 18. Ra3 b5 19. d4 bxa4 20. Re3 Bxd4 21. Ref3
Bg4 22. Rf4 Be5 {White resigns} 0-1

[Event "Team 45 45 League T51"]
[Site "Internet Chess Club"]
[Date "2011.12.03"]
[Round "4"]
[White "Lee-D"]
[Black "sdcohle"]
[Result "1-0"]
[WhiteElo "1355"]
[BlackElo "1347"]
[Opening "Queen's pawn, Mason variation"]
[ECO "D00"]
[Time "22:01:37"]
[TimeControl "2700+45"]

1. d4 d5 2. Bf4 Nf6 3. e3 e6 4. Nf3 Bd6 5. Bg3 Bxg3 6. hxg3 Nbd7 7. Bd3 b6 8.
Nbd2 Bb7 9. c4 Qe7 10. Rc1 c5 11. O-O O-O 12. Bb1 Rac8 13. Rc3 Rc7 14. Qc2 Rfc8
15. Rc1 cxd4 16. Nxd4 a6 17. N4f3 dxc4 18. Nxc4 b5 19. Nce5 Rxc3 20. bxc3 Be4
21. Qd2 Nxe5 22. Nxe5 Bxb1 23. Rxb1 Qc7 24. Qd4 Qxc3 25. Rd1 Qc7 26. Nd7 Rd8 27.
Nxf6+ gxf6 28. Qxd8+ Qxd8 29. Rxd8+ Kg7 30. Ra8 a5 31. Rxa5 b4 32. Rb5 b3 33.
Rxb3 {Black resigns} 1-0

[Event "Team 45 45 League T51"]
[Site "Internet Chess Club"]
[Date "2011.12.05"]
[Round "4"]
[White "krysto"]
[Black "pudge"]
[Result "1-0"]
[WhiteElo "1607"]
[BlackElo "1503"]
[Opening "QGD semi-Slav"]
[ECO "D43"]
[Time "21:05:20"]
[TimeControl "2700+45"]

1. d4 d5 2. c4 c6 3. Nf3 Nf6 4. Nc3 e6 5. Bg5 h6 6. Bh4 Be7 7. e3 Qa5 8. Nd2
Nbd7 9. Qc2 O-O 10. Bd3 Re8 11. O-O Qc7 12. Bg3 Qd8 13. cxd5 exd5 14. Nb5 Rf8
15. Nc7 Rb8 16. h3 Nb6 17. Nxd5 Qxd5 18. Bxb8 Bxh3 19. Nf3 Rxb8 20. e4 Qh5 21.
gxh3 Qxf3 22. Kh2 Qf4+ 23. Kh1 Qf3+ 24. Kh2 Qf4+ 25. Kg2 Nh5 26. Rg1 Rd8 27. Be2
Nf6 28. e5 Ne4 29. Bd3 Rxd4 30. Rad1 Qxe5 31. Rde1 Bd6 32. Rxe4 Rxe4 33. Bxe4
Qh2+ 34. Kf1 Qxh3+ 35. Bg2 Qe6 36. b3 Bb4 37. Be4 Qf6 38. Rg3 Nd7 39. Qc4 Bc5
40. Rf3 Qe7 41. Bg6 Ne5 42. Bxf7+ Nxf7 43. Rf5 Bb6 44. a4 Qd7 45. Rf3 Qd1+ 46.
Kg2 Qd5 47. Qf4 Qg5+ 48. Qxg5 Nxg5 49. Rd3 Ne4 50. Rd7 Bxf2 51. Rxb7 Bb6 52. b4
Nc3 53. a5 Bd4 54. Rb8+ Kh7 55. Rc8 Nd5 56. Rxc6 Bc3 57. Rc5 Ne3+ 58. Kf3 Bxb4
59. Rb5 Nc2 60. Ke4 Be1 61. Rb7 Bf2 62. Rb2 Be1 63. Rxc2 Bxa5 64. Ra2 Bb6 65.
Rc2 g5 66. Kf5 Bg1 67. Rc7+ Kg8 68. Kg6 g4 69. Rc8# {Black checkmated} 1-0

[Event "Team 45 45 League T51"]
[Site "Internet Chess Club"]
[Date "2011.12.02"]
[Round "4"]
[White "spongenotbob"]
[Black "Berke"]
[Result "1-0"]
[WhiteElo "1620"]
[BlackElo "1541"]
[Opening "Dutch: Ilyin-Genevsky variation"]
[ECO "A97"]
[Time "15:45:32"]
[TimeControl "2700+45"]

1. d4 f5 2. c4 e6 3. Nc3 Nf6 4. Nf3 Be7 5. g3 O-O 6. Bg2 d6 7. O-O Qe8 8. Qb3
Bd8 9. Nd2 Nc6 10. d5 Na5 11. Qb4 b6 12. dxe6 Bb7 13. Bd5 Bxd5 14. cxd5 Qh5 15.
Qh4 Qxh4 16. gxh4 Ng4 17. Nf3 Nc4 18. h3 Nge5 19. Bg5 Bf6 20. Bxf6 Rxf6 21. Nd4
a6 22. h5 Rh6 23. f4 Rxh5 24. fxe5 Ne3 25. Rf3 f4 26. exd6 cxd6 27. Kh2 Re8 28.
Rxf4 Nxd5 29. Nxd5 Rxd5 30. Raf1 h6 31. e3 Re5 32. R1f3 {Black resigns} 1-0